[Event "*** Titled Tuesday Blitz"]
[Site "Chess.com"]
[Date "2019.02.05"]
[Round "8"]
[White "KhalilMousavi77"]
[Black "TheBigBoss04"]
[Result "0-1"]
[WhiteElo "2715"]
[BlackElo "2564"]
[TimeControl "180+2"]
[EndTime "14:58:24 PST"]
[Termination "TheBigBoss04 won by resignation"]

1. d4 Nf6 2. Nc3 d5 3. Bg5 h6 4. Bxf6 exf6 5. e3 c6 6. g3 h5 7. h4 Bd6 8. Bg2 f5 9. Nge2 Nd7 10. Qd3 Nf6 11. O-O-O b5 12. Nf4 Qa5 13. Kb1 b4 14. Nce2 g6 15. Nc1 Qb6 16. f3 a5 17. e4 Ba6 18. Qe3 dxe4 19. fxe4 fxe4 20. Bxe4 O-O-O 21. Bxg6 Rhe8 22. Bf5+ Kb8 23. Qb3 Bxf4 24. gxf4 Nd5 25.
Rhe1 Rxe1 26. Rxe1 Qxd4 27. Qa4 Qc5 28. Nb3 Qf2 29. Rc1 Qxf4 30. Nxa5 Bb5 31. Nxc6+ Bxc6 32. Qxc6 Qxf5 33. Qb5+ Kc7 34. Qa5+ Kd7 35. Rd1 Ke7 36. Qc5+ Rd6 37. Re1+ Kd7 38. Qa7+ Nc7 39. a3 bxa3 40.
Qxa3 Qb5 41. Qh3+ f5 42. Qg3 Rb6 43. Qg7+ Kc8 44. Rd1 Kb7 45. Rc1 Qc5 46. Rf1 Qb5 47.
Rd1 f4 48. b3 f3 49. Qf7 Qe2 50. Rd4 Qe1+ 51. Kb2 f2 52. Rf4 Qe5+ 53. Kb1 Ra6 54.
Rb4+ Ka8 55. Qf8+ Qe8 56. Qxf2 Qc6 57. Qf8+ Ne8 58. Qf1 Rb6 59. Rc4 Qe6 60. Qf3+ Ka7 61. Re4 Qc6 62. Re7+ Nc7 63. Qf4 Kb7 64. Re1 Rb5 65.
Re4 Rb6 66. Rc4 Qd7 67. Qf3+ Kb8 68. Qxh5 Qe7 69. Qd1 Nb5 70. Rg4 Nc3+ 71. Kc1 Nxd1 72. h5 Ne3 73. Rg8+ Kb7 74. h6 Qe4 75. Rg7+ Ka6 76.
Rc7 Rc6 0-1

[Event "*** Titled Tuesday Blitz"]
[Site "Chess.com"]
[Date "2019.02.05"]
[Round "8"]
[White "Pilopa"]
[Black "Vuks91"]
[Result "0-1"]
[WhiteElo "2468"]
[BlackElo "2434"]
[TimeControl "180+2"]
[EndTime "14:58:24 PST"]
[Termination "Vuks91 won by resignation"]

1. d4 Nf6 2. c4 g6 3. Nc3 Bg7 4. e4 O-O 5. Nf3 d6 6. Be2 e5 7. O-O Nc6 8. dxe5 Nxe5 9. Bf4 Nxf3+ 10. Bxf3 Be6 11. Be2 Nd7 12. Rc1 a6 13. Qd2 Nc5 14. b4 Nd7 15. Nd5 Ne5 16. Bg5 f6 17. Bh6 Qd7 18.
Bxg7 Kxg7 19. f4 Bxd5 20. fxe5 Be6 21. exf6+ Rxf6 22. Rxf6 Kxf6 23. Qd4+ Kf7 24. Rf1+ Kg8 25. Qf6 Re8 26. Qd4 b6 27. h3 Qg7 28. Qd2 Rf8 29.
Rxf8+ Qxf8 30. Qd4 Qf4 31. c5 bxc5 32. bxc5 Qc1+ 33.
Kh2 Qxc5 34. Qxc5 dxc5 35. Bxa6 Bxa2 36. Kg3 c4 37. Kf4 c3 38. Ke3 Bb1 39. Bd3 Bxd3 40. Kxd3 Kf7 41. Kxc3 Ke6 42. Kd4 Kd6 43. e5+ Ke6 44.
Ke4 c6 45. g3 h6 46. h4 c5 47. g4 g5 48. hxg5 hxg5 49. Kd3 Kxe5 50. Kc4 Kf4 51. Kxc5 Kxg4 52. Kd4 Kf3 53. Kd3 g4 54. Kd2 g3 55. Ke1 g2 56. Kd2 g1=Q 57. Kc2 Qd4 0-1

[Event "*** Titled Tuesday Blitz"]
[Site "Chess.com"]
[Date "2019.02.05"]
[Round "8"]
[White "Koksik_13"]
[Black "EugeneRougon"]
[Result "0-1"]
[WhiteElo "2664"]
[BlackElo "2590"]
[TimeControl "180+2"]
[EndTime "14:58:34 PST"]
[Termination "EugeneRougon won on time"]

1. e4 d6 2. Bc4 Nf6 3. Nc3 c6 4. Nf3 d5 5. exd5 cxd5 6. Be2 Nc6 7. O-O d4 8. Nb5 e5 9. d3 h6 10.
Re1 a6 11. Na3 Bxa3 12. bxa3 O-O 13. Bf1 Re8 14. Rb1 Nd5 15. Bd2 Qd6 16. h3 b5 17.
a4 bxa4 18. g3 Be6 19. Bg2 Rab8 20. Rxb8 Rxb8 21. Nh4 Ncb4 22. a3 Na2 23. Qh5 f6 24.
Bxh6 gxh6 25. Qg6+ Kf8 26. Qxh6+ Ke7 27. Qg7+ Kd8 28.
Ng6 Nac3 29. h4 Qd7 30. Qh6 Kc7 31. h5 Bg4 32. f4 Ne3 33. Bh1 Ne2+ 34. Kf2 exf4 35.
Nxf4 Nxf4 36. Qxf4+ Qd6 37. Qe4 Rb2 38. Rc1 Bf5 39. Qa8 Bc8 40. h6 Ng4+ 41. Kf1 Bb7 42. Bxb7 Rxb7 43. Re1 Ne3+ 44. Kf2 Qe5 45. Qxa6 Qf5+ 46.
Ke2 Qh5+ 47. Kd2 Qxh6 48. Qa5+ Kc8 49. Qc5+ Rc7 0-1

[Event "*** Titled Tuesday Blitz"]
[Site "Chess.com"]
[Date "2019.02.05"]
[Round "8"]
[White "TheBigBadChessDad"]
[Black "RiskyDecision"]
[Result "1/2-1/2"]
[WhiteElo "2287"]
[BlackElo "2389"]
[TimeControl "180+2"]
[EndTime "14:58:34 PST"]
[Termination "Game drawn by repetition"]

1. d4 Nf6 2. Nf3 d5 3. Bf4 c5 4. c3 Nc6 5. e3 Qb6 6. b3 Bf5 7. Bd3 Bxd3 8. Qxd3 e6 9. O-O Be7 10.
Nbd2 O-O 11. Rfc1 h6 12. h3 Rfc8 13. Ne5 cxd4 14. exd4 Nxe5 15. dxe5 Nd7 16. Nf3 Nc5 17.
Qe3 Ne4 18. Qxb6 axb6 19. c4 dxc4 20. Rxc4 Rxc4 21. bxc4 Bc5 22. Be3 Bxe3 23. fxe3 Ra3 24.
Rb1 Rxa2 25. Rxb6 Ra1+ 26. Kh2 Ra4 27. Rxb7 Rxc4 28. Rb8+ Kh7 29. Rb7 Kg8 30. Rb8+ Kh7 31.
Rb7 f6 32. exf6 Nxf6 33. Nd4 Nd5 34. Nxe6 Nxe3 35. Rxg7+ Kh8 36. Rg6 Kh7 37. Nf8+ Kh8 38. Rxh6+ Kg7 39. Re6 Nxg2 40. Rg6+ Kxf8 41. Kxg2 Rc7 42.
Kh2 Rg7 43. Ra6 Kg8 44. h4 Kh7 45. Kh3 Rb7 46. Ra4 Rc7 47. Kg4 Rd7 48. h5 Rc7 49.
Ra5 Rd7 50. Kg5 Rc7 51. Rf5 Rd7 52. Rc5 Re7 53. Rc6 Ra7 54. Rh6+ Kg7 55. Rg6+ Kh7 56.
Rb6 Ra5+ 57. Kh4 Kg7 58. Rg6+ Kh7 59. Rb6 Rc5 60. Rb4 Kh6 61. Rb6+ Kh7 62. Rb4 Kh6 63. Rb6+ Kg7 64. Rg6+ Kh7 65. Rg4 Ra5 66. Rb4 Rc5 67. Rb7+ Kh6 68. Rb6+ Kh7 69. Rb7+ Kh6 70. Rb6+ Kg7 71. Rb7+ Kh6 72. Rb6+ 1/2-1/2

[Event "*** Titled Tuesday Blitz"]
[Site "Chess.com"]
[Date "2019.02.05"]
[Round "8"]
[White "VeraNebolsina"]
[Black "DanielMieles1985"]
[Result "1-0"]
[WhiteElo "2386"]
[BlackElo "2574"]
[TimeControl "180+2"]
[EndTime "14:58:35 PST"]
[Termination "VeraNebolsina won by resignation"]

1. e4 e5 2. Nf3 Nc6 3. Nc3 Nf6 4. d4 exd4 5. Nxd4 Bb4 6. Nxc6 bxc6 7. Bd3 O-O 8. O-O d5 9. exd5 cxd5 10. h3 Re8 11. Qf3 c6 12. Bf4 Qe7 13. Ne2 Ne4 14. Nd4 Bd7 15.
c3 Bd6 16. Bxd6 Qxd6 17. Rfe1 Qg6 18. Re3 f5 19. Rae1 Re7 20. Qf4 Rae8 21. f3 c5 22.
fxe4 fxe4 23. Nf3 Rf7 24. Qg5 Qd6 25. Bxe4 dxe4 26. Rxe4 Ref8 27. Qe5 Qb6 28. R4e2 Bxh3 29. Ng5 Rf5 30. Qe6+ Qxe6 31. Nxe6 Bg4 32. Nxf8 Bxe2 33. Rxe2 Kxf8 34. Rf2 Rxf2 35. Kxf2 a5 36. Ke3 Ke7 37. Ke4 Ke6 38. b3 c4 39. Kd4 cxb3 40. axb3 h5 41. c4 g5 42. Ke4 h4 43. Kf3 Kf5 44. Kf2 g4 45. Ke3 Ke5 46. Kf2 Kf4 47. Kg1 Ke4 48. Kf1 Kd4 49. Kg1 Kc5 50. Kf2 Kb4 51. Ke3 Kxb3 52.
c5 a4 53. c6 a3 54. c7 a2 55. c8=Q a1=N 56. Qxg4 1-0

[Event "*** Titled Tuesday Blitz"]
[Site "Chess.com"]
[Date "2019.02.05"]
[Round "8"]
[White "Fy_Rakotomaharo"]
[Black "RoelandPruijssers"]
[Result "1/2-1/2"]
[WhiteElo "2481"]
[BlackElo "2546"]
[TimeControl "180+2"]
[EndTime "14:58:37 PST"]
[Termination "Game drawn - insufficient material"]

1. d4 d5 2. c4 e6 3. Nc3 Nf6 4.
cxd5 Nxd5 5. e4 Nxc3 6. bxc3 c5 7. Nf3 cxd4 8. cxd4 Bb4+ 9. Bd2 Bxd2+ 10. Qxd2 O-O 11. Bd3 b6 12. O-O Ba6 13. Rac1 Bxd3 14. Qxd3 Nd7 15.
e5 Rc8 16. Rxc8 Qxc8 17. Ng5 g6 18. Qh3 h5 19. g4 Qc2 20. gxh5 Rc8 21. Nxe6 Rc3 22.
Qg4 Rc4 23. hxg6 Qxg6 24. Qxg6+ fxg6 25. f4 Kf7 26. Ng5+ Ke7 27. d5 Nc5 28. Rf3 Rd4 29.
d6+ Kd7 30. Rh3 Rxf4 31. Rh7+ Kc6 32. Rc7+ Kd5 33. Rxc5+ bxc5 34. d7 Rf8 35. Nf7 c4 36. e6 Kxe6 37. d8=Q Rxd8 38. Nxd8+ Kd7 39. Nf7 Ke6 40.
Ng5+ Kf5 41. Nf3 c3 42. Kf2 Kf4 43. Ne1 g5 44. h3 Ke4 45. Ke2 Kf4 46. Kd3 Kg3 47.
Kxc3 Kxh3 48. Kd4 Kg4 49. Ke4 Kg3 50. Ke3 Kg4 51. Nf3 Kf5 52. Nd4+ Ke5 53. Nc6+ Kd5 54. Nxa7 Kc5 55. a3 Kc4 56. Kf3 Kb3 57. Nb5 Ka4 58.
Kg4 Kxb5 59. Kxg5 Ka4 60. Kf4 Kxa3 1/2-1/2

[Event "*** Titled Tuesday Blitz"]
[Site "Chess.com"]
[Date "2019.02.05"]
[Round "8"]
[White "HanSchut"]
[Black "Veiso"]
[Result "1/2-1/2"]
[WhiteElo "2306"]
[BlackElo "2371"]
[TimeControl "180+2"]
[EndTime "14:58:38 PST"]
[Termination "Game drawn by stalemate"]

1. e4 c5 2. Nf3 d6 3. d4 cxd4 4. Nxd4 Nf6 5. f3 e5 6. Bb5+ Bd7 7. Bxd7+ Qxd7 8. Nf5 d5 9. Bg5 dxe4 10. Bxf6 Qxd1+ 11. Kxd1 gxf6 12. fxe4 Nc6 13. c3 O-O-O+ 14. Kc2 Rg8 15. g3 Rg4 16. Re1 Kb8 17. Nd2 Rc8 18. Kd1 Bc5 19.
Re2 Rgg8 20. Ke1 Rgd8 21. Rd1 Rd3 22. Nb3 Rxd1+ 23. Kxd1 Bb6 24. Rd2 a5 25. Rd7 a4 26.
Nd2 Rc7 27. Rxc7 Bxc7 28. Ke2 b5 29. a3 Kc8 30. c4 bxc4 31. Nxc4 Kd7 32. Kd3 Ke6 33. Kc3 Bd8 34. b3 axb3 35. Kxb3 Nd4+ 36. Nxd4+ exd4 37. Kc2 f5 38. Kd3 fxe4+ 39. Kxe4 Bf6 40.
a4 Bg7 41. a5 f5+ 42. Kd3 Kd5 43. Nd2 Bf8 44. Nb3 Bg7 45. a6 Kc6 46. Nxd4+ Kb6 47. Nxf5 Bf8 48. Ke4 Kxa6 49. Kd5 Kb7 50. Ke6 Kc6 51.
Kf7 Bc5 52. Kg7 h5 53. Kg6 Bg1 54. Kxh5 Bxh2 55. g4 Bf4 56. Nh4 Kd7 57. Kg6 Ke7 58. Kf5 Bc1 59. Ng6+ Kf7 60. Nf4 Bxf4 61. Kxf4 Kg6 62.
g5 Kg7 63. Kf5 Kf7 64. Kg4 Kg6 65. Kf4 Kg7 66. Kf5 Kf7 67. g6+ Kg7 68. Kg5 Kg8 69. Kh6 Kh8 70. Kg5 Kg7 71. Kf5 Kg8 72. Kf6 Kf8 73.
Kf5 Kg7 74. Kg5 Kg8 75. Kf6 Kf8 76. g7+ Kg8 77. Kg6 1/2-1/2

[Event "*** Titled Tuesday Blitz"]
[Site "Chess.com"]
[Date "2019.02.05"]
[Round "8"]
[White "Genghis_K"]
[Black "Indianlad"]
[Result "1-0"]
[WhiteElo "2837"]
[BlackElo "2920"]
[TimeControl "180+2"]
[EndTime "14:58:40 PST"]
[Termination "Genghis_K won by resignation"]

1. d4 Nf6 2. Bf4 d5 3. e3 e6 4. Nf3 Bd6 5. Nbd2 Bxf4 6. exf4 O-O 7. Bd3 c5 8. dxc5 Qc7 9. g3 Qxc5 10. Nb3 Qc7 11.
O-O Nc6 12. c3 b6 13. Qe2 Bb7 14. Nbd4 Nxd4 15. Nxd4 Ne4 16. Rfe1 Rfe8 17. Rad1 a6 18. Nf3 Nc5 19. Bc2 b5 20. h4 Ne4 21. Ng5 Nf6 22. Qe5 Rac8 23. Qxc7 Rxc7 24. a3 a5 25. Bd3 Bc6 26. Nf3 g6 27. Nd4 Rb8 28. Kg2 Bd7 29. Rc1 Ne8 30. h5 Nd6 31. h6 Re8 32. Nb3 Nc4 33. Re2 f6 34. Rce1 Kf7 35. Nd4 Rb7 36.
Nf3 b4 37. axb4 axb4 38. Bxc4 dxc4 39. Nd4 bxc3 40. bxc3 Ra7 41. Nc2 Bc6+ 42. f3 g5 43. fxg5 fxg5 44. Kf2 Kf6 45. Rd1 Ba4 46. Ra1 Rea8 47.
Ne3 Bb3 48. Ng4+ Kf7 49. Rxa7+ Rxa7 50. Re5 Kg6 51. Rxe6+ Kh5 52. Nf6+ Kxh6 53. Ne4+ Kg7 54. Nxg5 Bc2 55. Rc6 Bd3 56. Ne6+ Kf7 57. Nf4 Rd7 58. Rc5 Rd6 59. Rd5 Rxd5 60. Nxd5 Bf5 61. Ke3 h5 62.
Kd4 Bh3 63. Nf4 Bf1 64. Nxh5 Be2 65. Ke3 1-0

[Event "*** Titled Tuesday Blitz"]
[Site "Chess.com"]
[Date "2019.02.05"]
[Round "8"]
[White "INLOVEWITHF"]
[Black "Mbneu"]
[Result "0-1"]
[WhiteElo "2285"]
[BlackElo "2273"]
[TimeControl "180+2"]
[EndTime "14:58:45 PST"]
[Termination "Mbneu won by resignation"]

1. e4 Nf6 2. e5 Nd5 3. d4 d6 4.
Nf3 Bf5 5. Bc4 c6 6. O-O e6 7. Bb3 Nb6 8. c4 dxe5 9. Nxe5 Be7 10. Nc3 O-O 11. Be3 N8d7 12. Qe2 c5 13. Nxd7 Nxd7 14.
dxc5 Nxc5 15. Bc2 Bxc2 16. Qxc2 a6 17. Rfd1 Qc7 18. b4 Nd7 19. c5 Bf6 20. Rac1 Rfd8 21. Ne4 Be5 22. Nd6 Nf6 23. Bg5 Bxd6 24. cxd6 Qxc2 25. Rxc2 Rd7 26. Bxf6 gxf6 27. Rc7 Rad8 28. Rxd7 Rxd7 29. f4 Kf8 30. Kf2 Ke8 31. Ke3 Rd8 32. Ke4 Kd7 33. f5 Kc6 34. fxe6 fxe6 35. Rf1 f5+ 36. Ke5 Rxd6 37. Rc1+ Kd7 38. Kf6 Rd2 39. a4 Rxg2 40. Rd1+ Kc6 41. Kxe6 Rxh2 42. Rc1+ Kb6 43.
Kxf5 Rh4 44. a5+ Kb5 45. Rc7 Kxb4 46. Rxb7+ Kxa5 47. Kf6 Ka4 48. Kg5 Rh1 49. Rb6 a5 50. Kg4 Ka3 51. Rb5 a4 52. Kg3 Ka2 53. Kg2 Rh6 54. Kg3 a3 55. Kg2 Rc6 56. Kg3 Rc3+ 57. Kg4 Rb3 58. Rh5 Rb7 59. Kf3 Kb3 60. Ra5 a2 61.
Rh5 0-1

[Event "*** Titled Tuesday Blitz"]
[Site "Chess.com"]
[Date "2019.02.05"]
[Round "8"]
[White "Jenia84"]
[Black "PowerThinking2650"]
[Result "0-1"]
[WhiteElo "2200"]
[BlackElo "2257"]
[TimeControl "180+2"]
[EndTime "14:58:45 PST"]
[Termination "PowerThinking2650 won by resignation"]

1. Nf3 Nf6 2. g3 g6 3. Bg2 Bg7 4. O-O O-O 5. c4 d6 6. Nc3 e5 7.
e4 c5 8. a3 Nc6 9. Rb1 a5 10. d3 Bg4 11. h3 Bxf3 12. Bxf3 Nd4 13. Bg2 Nd7 14. Be3 Nb8 15. f4 exf4 16. gxf4 Nbc6 17.
Nd5 a4 18. f5 f6 19. fxg6 hxg6 20. Qg4 Ne5 21. Qd1 Kh7 22. Bxd4 cxd4 23. Nf4 Qd7 24. Qe1 Bh6 25. Qg3 Rf7 26. Nd5 Raf8 27. Bf3 f5 28. exf5 gxf5 29. Kh1 Qd8 30. Bh5 Rg7 31. Qf2 Qg5 32. Bf3 Nxd3 33. Qxd4 Qg3 34. Bg4 fxg4 35. Rxf8 gxh3 36. Qe4+ Rg6 37. Rf7+ Bg7 38.
Nf6+ Kh6 39. Ng8+ Kh7 40. Nf6+ Kh6 41. Ng8+ Kh5 42. Qf5+ Rg5 43. Qh7+ Kg4 44. Qe4+ Kh5 45. Qe2+ Kh4 46. Qe4+ Kh5 47. Qe2+ Rg4 48. Rf5+ Kh4 49.
Rf3 Qg2+ 50. Qxg2 hxg2+ 51. Kh2 Be5+ 52. Kg1 Bd4+ 53. Kh2 g1=Q+ 54. Rxg1 Bxg1+ 55. Kh1 Ne5 56. Rf1 Rxg8 57. Rxg1 Rxg1+ 58. Kxg1 Kg3 0-1

[Event "*** Titled Tuesday Blitz"]
[Site "Chess.com"]
[Date "2019.02.05"]
[Round "8"]
[White "Zaven_ChessMood"]
[Black "IakovUlivar"]
[Result "1-0"]
[WhiteElo "2871"]
[BlackElo "2530"]
[TimeControl "180+2"]
[EndTime "14:58:48 PST"]
[Termination "Zaven_ChessMood won on time"]

1. e4 e5 2. Nf3 Nc6 3. Bc4 Bc5 4.
O-O Nf6 5. d3 d6 6. c3 h6 7. Bb3 O-O 8. Nbd2 a5 9. h3 Be6 10. Nh2 Bxb3 11. axb3 d5 12. Qf3 Qd7 13. Re1 Rfd8 14. Ndf1 dxe4 15. dxe4 Qd3 16. Qxd3 Rxd3 17. b4 Bb6 18. Nf3 Re8 19. bxa5 Nxa5 20. N1d2 Nc6 21.
Nc4 Bc5 22. Kf1 b5 23. Ncd2 Bb6 24. Nb3 Rd6 25. Be3 Bxe3 26. Rxe3 Nd7 27. Ne1 Nb6 28.
Re2 Nc4 29. Nc5 Rb8 30. Ned3 f6 31. b3 Nb6 32. Rea2 Nd7 33. Ke2 Nxc5 34. Nxc5 b4 35. c4 Nd4+ 36. Kf1 Rc6 37. Ra5 Kh7 38. R1a2 Kg6 39.
f3 h5 40. h4 Kh7 41. Kf2 Kg6 42. Rb2 Rd8 43. Ke3 Kf7 44. Nd3 Rb6 45. f4 exf4+ 46.
Nxf4 Nc6 47. Rxh5 Ne5 48. Nd5 Rb7 49. Rf2 c6 50. Rxe5 cxd5 51. Rxd5 Ra8 52. Kf4 Ra3 53. Rf3 Ke6 54. g4 Rc7 55. h5 Rb7 56. Rfd3 Rb6 57. Rb5 Rxb5 58. cxb5 Ra5 59. Rd5 Ra3 60. b6 1-0

[Event "*** Titled Tuesday Blitz"]
[Site "Chess.com"]
[Date "2019.02.05"]
[Round "8"]
[White "xLuring1"]
[Black "MasterKroket"]
[Result "0-1"]
[WhiteElo "2320"]
[BlackElo "2391"]
[TimeControl "180+2"]
[EndTime "14:58:48 PST"]
[Termination "MasterKroket won by resignation"]

1. e4 c5 2. Nf3 e6 3. g3 Nc6 4.
Bg2 Nge7 5. O-O g6 6. d4 cxd4 7. Nxd4 Bg7 8. Nb5 O-O 9. Nd6 a6 10. a4 Qc7 11. Na3 Rb8 12. Nac4 b5 13. axb5 axb5 14.
Nxc8 Nxc8 15. Nd2 Nb6 16. Nb3 Rfd8 17. Bf4 Be5 18. Bxe5 Qxe5 19. c3 Nc4 20. Qc2 Ne7 21. Rfe1 Rdc8 22. Qe2 b4 23. Rac1 bxc3 24. Rxc3 Nxb2 25.
Rxc8+ Nxc8 26. f4 Qc3 27. Nd2 Nd3 28. Rf1 Rb2 29. Rd1 Qd4+ 30. Kf1 Qc3 31. Nb1 Qb3 32. Qxd3 Qxd3+ 33. Rxd3 Rxb1+ 34. Kf2 Nb6 35. Bf3 Rb2+ 36. Kg1 Kf8 37. Bd1 Ke7 38. Bf3 d6 39. Bg2 Nd7 40.
Rc3 Nc5 41. e5 Rd2 42. exd6+ Kxd6 43. h3 f6 44. Ra3 e5 45. fxe5+ fxe5 46. Ra1 e4 47.
Re1 Ke5 48. Bf1 Kd4 49. Re2 Rxe2 50. Bxe2 Ke3 51. Bg4 Kd2 52. Kf1 e3 53. h4 Ne4 54.
Kg2 e2 55. Bxe2 Kxe2 56. g4 Ke3 57. Kh3 Kf3 58. g5 Kf4 59. Kh2 Kg4 60. h5 Kxh5 0-1

[Event "*** Titled Tuesday Blitz"]
[Site "Chess.com"]
[Date "2019.02.05"]
[Round "8"]
[White "ruvat"]
[Black "PotapovaM"]
[Result "1-0"]
[WhiteElo "2304"]
[BlackElo "2408"]
[TimeControl "180+2"]
[EndTime "14:58:54 PST"]
[Termination "ruvat won by resignation"]

1. d4 Nf6 2. c4 c5 3. d5 b5 4. Nf3 d6 5. Qc2 bxc4 6. e4 Nbd7 7. Bxc4 g6 8. b3 Bg7 9. Bb2 O-O 10. Nbd2 Nb6 11. h3 e6 12. dxe6 fxe6 13. e5 dxe5 14. O-O Bb7 15. Bxe6+ Kh8 16. Nxe5 Qe7 17. Bc4 Nxc4 18.
Ndxc4 Be4 19. Qe2 Qc7 20. Rad1 Bf5 21. Nd6 Bc8 22. Rfe1 a5 23. Nef7+ Rxf7 24. Nxf7+ Qxf7 25. Rd8+ Ng8 26. Qd2 a4 27. Ree8 Bb7 28. Rxa8 Bxa8 29. Rxa8 axb3 30. Bxg7+ Kxg7 31. Qc3+ Nf6 32. axb3 Qb7 33.
Rd8 Qc7 34. Rd3 Kf7 35. Rf3 Qc6 36. Kf1 Ke7 37. Rxf6 Qxf6 38. Qxf6+ Kxf6 39. Ke2 Ke5 40. Kd3 Kd5 41. Kc3 h5 42. Kd3 h4 43. Kc3 g5 44.
Kd3 Kd6 45. Kc4 Kc6 46. Kd3 Kd5 47. Ke3 Ke5 48. g3 g4 49. gxh4 gxh3 50. Kf3 Kd4 51. h5 Kc3 52. h6 h2 53. Kg2 Kxb3 54. h7 c4 55. h8=Q c3 56. Qb8+ Ka2 57. Qc7 Kb2 58.
Qb6+ Kc1 59. Kxh2 c2 60. f4 Kd1 61. Qg1+ 1-0

[Event "*** Titled Tuesday Blitz"]
[Site "Chess.com"]
[Date "2019.02.05"]
[Round "8"]
[White "monalize"]
[Black "HindsightIs2700"]
[Result "1/2-1/2"]
[WhiteElo "2308"]
[BlackElo "2255"]
[TimeControl "180+2"]
[EndTime "14:58:56 PST"]
[Termination "Game drawn - insufficient material"]

1. e4 c5 2. Nf3 d6 3. d4 cxd4 4.
Qxd4 Nf6 5. h3 Nc6 6. Qe3 g6 7. Be2 Bg7 8. O-O O-O 9. Rd1 Nd7 10. Nc3 Nc5 11. Nd5 Be6 12. c4 Rc8 13. Rb1 f5 14.
exf5 Bxf5 15. Ra1 e6 16. Nc3 e5 17. b3 Nd4 18. Ne1 Bd7 19. Bb2 Nce6 20. Bg4 Nf4 21. Bxd7 Qxd7 22. Rd2 Qf5 23. Ne4 Rcd8 24. Rad1 Bh6 25.
Ng3 Nxh3+ 26. gxh3 Bxe3 27. Nxf5 Bxd2 28. Nxd4 Bxe1 29. Ne6 Bxf2+ 30. Kg2 Bb6 31. Nxf8 Rxf8 32. Rd2 Rf6 33. Ba3 Bc5 34. Bxc5 dxc5 35. Rd5 b6 36. Rxe5 Kf7 37. Rd5 Re6 38. Rd7+ Re7 39. Rd2 Kf6 40.
Kf3 h5 41. Rd5 Re6 42. h4 Rc6 43. Kf4 Re6 44. Rd8 a5 45. Rd7 Rc6 46. Rd5 Re6 47. Rd7 Rc6 48. Rd5 Re6 49. Rd7 Re1 50. Rd6+ Re6 51. Rd7 Re2 52. Rd6+ Kf7 53. Rxb6 Rxa2 54.
Rb5 Rh2 55. Kg3 Rb2 56. Rxa5 Rxb3+ 57. Kg2 Rd3 58. Rxc5 Rd4 59. Kg3 Kf6 60. Rd5 Rxd5 61. cxd5 Ke5 62. Kf3 Kxd5 63. Kf4 Ke6 64. Kg5 Kf7 65.
Kf4 Kf6 66. Ke4 Kg7 67. Ke5 Kf7 68. Ke4 Ke6 69. Kf4 Kf6 70. Ke4 g5 71. hxg5+ Kxg5 72. Kf3 Kh4 73. Kg2 Kg4 74. Kh2 h4 75. Kg2 h3+ 76. Kh2 Kh4 77. Kh1 Kg3 78. Kg1 Kf3 79. Kh2 Kg4 80. Kh1 Kg5 81. Kh2 Kh4 82. Kh1 Kh5 83.
Kh2 Kg4 84. Kh1 Kg3 85. Kg1 Kf3 86. Kh1 Kf2 87. Kh2 Kf1 88. Kg3 Kg1 89. Kxh3 1/2-1/2

[Event "*** Titled Tuesday Blitz"]
[Site "Chess.com"]
[Date "2019.02.05"]
[Round "8"]
[White "cherryandmint"]
[Black "David_Klein"]
[Result "0-1"]
[WhiteElo "2617"]
[BlackElo "2605"]
[TimeControl "180+2"]
[EndTime "14:59:08 PST"]
[Termination "David_Klein won by resignation"]

1. e4 g6 2. d4 Bg7 3. Nf3 d6 4. Bc4 c6 5. O-O Nf6 6. Qe2 d5 7. exd5 cxd5 8. Bb5+ Bd7 9. Ne5 O-O 10. Nxd7 Nbxd7 11. c3 e6 12. Bf4 Nb6 13. Nd2 Ne8 14. Bd3 Nd6 15. a4 Rc8 16. Rfb1 a6 17. Nf3 Nbc4 18. b3 Na5 19. Bd2 Nc6 20. Re1 Qd7 21. Bf4 Rfe8 22. Qb2 Nf5 23. Rad1 Nd6 24. h4 Nf5 25. h5 Bh6 26. Bxh6 Nxh6 27. Qd2 Kg7 28. Ng5 Qe7 29. b4 Qf6 30. Nf3 Ng4 31. b5 axb5 32. axb5 Na5 33. Ne5 Nxe5 34. dxe5 Qh4 35. hxg6 hxg6 36. g3 Qh5 37. Bf1 Rh8 38. Bg2 Qf5 39. Qa2 Nc4 40.
Rd4 Nxe5 41. Rf4 Qg5 42. Qe2 Nc4 43. Qf3 Rcf8 44. Qd3 Rd8 45. Qf3 Rhf8 46. Rg4 Qf6 47. Rf4 Qg5 48. Rg4 Qh5 49. Qf4 Qf5 50. Qd4+ Qf6 51.
Qd1 Qxc3 52. Rd4 Nd6 53. Rd3 Qb4 54. Qa1+ Kg8 55. Rb1 Qc4 56. Rc3 Qd4 57. Rd1 Qf6 58. b6 Nf5 59. Qc1 Rd6 60. Rb3 Nd4 61. Rb2 Rxb6 62.
Rbd2 Nb3 0-1

[Event "*** Titled Tuesday Blitz"]
[Site "Chess.com"]
[Date "2019.02.05"]
[Round "8"]
[White "josmito10"]
[Black "robbykevlishvili"]
[Result "0-1"]
[WhiteElo "2738"]
[BlackElo "2764"]
[TimeControl "180+2"]
[EndTime "14:59:17 PST"]
[Termination "robbykevlishvili won by resignation"]

1. d4 Nf6 2. c4 e6 3. g3 Bb4+ 4. Bd2 a5 5. Nf3 d5 6. Bg2 O-O 7. O-O dxc4 8. Qc2 Bd7 9. Qxc4 Bxd2 10. Nbxd2 Bc6 11. Rac1 Nbd7 12. Rfe1 Nb6 13. Qc2 Nfd5 14. Qb1 Ne7 15. e4 Bb5 16. Qc2 c6 17. Qc5 Ng6 18. h4 Nd7 19. Qc2 Nf6 20. a4 Ba6 21. Nb3 Re8 22.
Nc5 Qb6 23. e5 Nd5 24. Ng5 h6 25. Ngxe6 Nb4 26. Qf5 Ne7 27. Qg4 fxe6 28. Nxe6 g6 29.
Nf4 Bd3 30. Qe6+ Kg7 31. Qf6+ Kh7 32. Qf7+ Kh8 33. Ne6 Nf5 34. Qxg6 Rxe6 35. Qxe6 Qxd4 36. Qf6+ Kh7 37. Bh3 Ng7 38. Rcd1 Qc4 39. Rxd3 Qxd3 40. e6 Qg6 41. Qe5 Re8 42. Qe3 Nc2 43. Qe4 Nxe1 44. Qxe1 Nxe6 45. Bf1 Ng7 46. Qxa5 Qf6 47. Bd3+ Kh8 48.
Qb4 Rf8 49. Qb6 Ne6 50. h5 Nd4 51. f4 Nf5 52. Kg2 Qg7 53. Bxf5 Rxf5 54. Qd8+ Rf8 55. Qd3 Qf7 56. Qd4+ Kg8 57. Qc5 Qd5+ 58. Qxd5+ cxd5 59. Kf3 Rc8 60. Ke3 Rc4 61. b3 Rc3+ 62. Kd4 Rxb3 63.
Kxd5 Rxg3 0-1

[Event "*** Titled Tuesday Blitz"]
[Site "Chess.com"]
[Date "2019.02.05"]
[Round "8"]
[White "dusanacns"]
[Black "Korchmar_Vasiliy"]
[Result "0-1"]
[WhiteElo "2622"]
[BlackElo "2769"]
[TimeControl "180+2"]
[EndTime "14:59:19 PST"]
[Termination "Korchmar_Vasiliy won by resignation"]

1. e4 c5 2. Nf3 d6 3. Bc4 Nc6 4. O-O Nf6 5. Re1 Bg4 6. h3 Bh5 7. g4 Bg6 8. Nh4 e6 9. d3 Be7 10. Ng2 O-O 11. Nc3 d5 12. exd5 exd5 13. Bb3 Nd4 14. Nf4 Nxb3 15. axb3 d4 16. Ne4 Nd5 17. Qf3 Nxf4 18. Bxf4 f5 19. Ng3 fxg4 20. Qxg4 Rf7 21. Re6 Qf8 22. Be5 Rxf2 23. Re1 Re8 24. Bxg7 Kxg7 25.
Rxe7+ Rxe7 26. Rxe7+ Qxe7 27. Kxf2 Qe3+ 28. Kg2 Qd2+ 29.
Kf3 Qe3+ 30. Kg2 Qd2+ 31. Kf3 Qd1+ 32. Kf4 Qxc2 33. Nh5+ Kf8 34. Qc8+ Ke7 35. Qc7+ Ke6 36. Ng7+ Kf6 37. Qe5+ Kf7 38. Qc7+ Kg8 39. Qd8+ Kxg7 40. Qe7+ Bf7 41. Qg5+ Kf8 42. Qd8+ Be8 43. Qf6+ Kg8 44.
Qg5+ Kf7 45. Qd5+ Ke7 46. Qe5+ Kd7 47. Qd5+ Kc7 48. Qe5+ Kd7 49. Qd5+ Kc8 50. Ke5 Qh2+ 51. Kf6 Qf4+ 52. Ke7 Qf7+ 53. Qxf7 Bxf7 54. Kxf7 b5 55. Ke6 c4 56. bxc4 bxc4 0-1

[Event "*** Titled Tuesday Blitz"]
[Site "Chess.com"]
[Date "2019.02.05"]
[Round "8"]
[White "Sebastian"]
[Black "gmcorrales"]
[Result "0-1"]
[WhiteElo "2856"]
[BlackElo "2770"]
[TimeControl "180+2"]
[EndTime "14:59:20 PST"]
[Termination "gmcorrales won on time"]

1. e4 c5 2. Nf3 d6 3. Bb5+ Bd7 4. Bxd7+ Qxd7 5. c4 Nf6 6. Nc3 e6 7. d4 cxd4 8. Nxd4 Nc6 9. O-O Nxd4 10. Qxd4 Be7 11.
b3 O-O 12. Bb2 Rfd8 13. Rfd1 Qc6 14. Rac1 a6 15. Qd3 Rac8 16. h3 h6 17. Re1 Nd7 18. Nd5 Bf8 19. Nb4 Qb6 20. Nc2 Qa5 21. Qc3 Qg5 22. Qe3 Qa5 23. Qc3 Qg5 24. Ne3 b5 25.
Qd3 Nc5 26. Qd4 bxc4 27. Nxc4 d5 28. exd5 Rxd5 29. Qe3 Nd3 30. Qxg5 hxg5 31. Nb6 Rxc1 32. Rxc1 Nxc1 33. Nxd5 Nxa2 34. Nc7 a5 35. Kf1 Nb4 36. Ke2 Bc5 37. f3 Bb6 38. Nb5 f6 39. Bc1 e5 40. Bd2 Nd5 41. Kd3 Kf7 42. Nd6+ Ke6 43. Nc4 Bc7 44. g3 Nb4+ 45. Bxb4 axb4 46. g4 g6 47. Ne3 Bb6 48. Nc4 Bc5 49. Na5 Kd5 50.
Nc4 f5 51. Nd2 Bd4 52. Nc4 e4+ 53. fxe4+ fxe4+ 54. Ke2 Bc5 55. Na5 Kd4 56. Nc4 Kc3 57. Nd2 Be7 58. Ke3 Kc2 59. Ke2 Kc3 60. Ke3 Bc5+ 61.
Ke2 Bd4 62. Nxe4+ Kxb3 63. Kd3 Bb6 64. Nxg5 Ka2 65. Ne4 b3 66. h4 Ba5 67. h5 b2 68.
h6 b1=Q+ 0-1